 Dungeon Crawl Stone Soup version 0.30-a0-141-g30f27751c5 (webtiles) character file.

Game seed: 5434908650305675751

51 qw the Chopper (level 3, -3/23 HPs)
             Began as a Gargoyle Fighter on Sept 25, 2022.
             Killed by divine providence
             ... invoked by an orc priest
              (11 damage)
             ... on level 3 of the Dungeon.
             The game lasted 00:00:40 (2141 turns).

qw the Chopper (Gargoyle Fighter)                   Turns: 2141, Time: 00:00:41

Health: -3/23      AC: 14    Str: 21    XL:     3   Next: 81%
Magic:  3/3        EV:  5    Int:  8    God:
Gold:   100        SH:  4    Dex:  9    Spells: 2/2 levels left

rFire   . . .      SeeInvis .    Y - +4 war axe
rCold   . . .      Faith    .    c - +0 buckler
rNeg    + . .      Spirit   .    h - +0 plate armour
rPois   inf        Reflect  .    (no helmet)
rElec   +          Harm     .    m - scarf {repulsion}
rCorr   .          Rampage  .    (no gloves)
Will    .....                    (no boots)
Stlth   ..........               (no amulet)
HPRegen 0.07/turn                (no ring)
MPRegen 0.08/turn                (no ring)

@: repel missiles
A: sickness immunity, AC +3, negative energy resistance 1, electricity
resistance, torment resistance 1, petrification resistance
a: no special abilities


You were on level 3 of the Dungeon.
You visited 1 branch of the dungeon, and saw 3 of its levels.

You collected 100 gold pieces.


Innate Abilities, Weirdness & Mutations

You are immune to sickness and miasma.
Your stone body is resilient. (AC +3)
You are immune to poison.
You resist negative energy. (rN+)
You are resistant to electric shocks. (rElec)
You are resistant to unholy torment.
You are immune to petrification.


   Skills:
 - Level 3.2 Fighting
 + Level 3.3 Axes
 - Level 1.0 Throwing
 - Level 3.2 Armour
 - Level 3.2 Shields


You had 2 spell levels left.
You didn't know any spells.
Your spell library was empty.

Inventory:

Hand Weapons
 k - a +1 whip of draining
 Y - a +4 war axe (weapon)
Missiles
 g - 4 javelins (quivered)
Armour
 c - a +0 buckler (worn)
 h - a +0 plate armour (worn)
 m - a scarf of repulsion (worn)
Scrolls
 a - a scroll of identify
Potions
 d - a potion of might
 f - a potion of attraction
 j - a potion of flight {unknown}
 n - a potion of heal wounds {unknown}

Dungeon Overview and Level Annotations

Branches:
Dungeon (3/15)

Altars:

Shops:
D:1 (

Annotations:
D:2 1 runed translucent door, Crazy Yiuf


Message History

You throw a javelin. The javelin pierces through the kobold!
You kill the kobold!
A dart slug comes into view.
You see here 10 gold pieces.
The dart slug closely misses you.
You see here a +0 short sword.
You slash the dart slug!
The dart slug is severely wounded.
The dart slug bites you but does no damage.
You slash the dart slug!
You kill the dart slug!
Your Throwing skill increases to level 1!
g - 5 javelins (gained 2)
You see here a dart slug corpse.
You see here a +0 short sword.
You now have 100 gold pieces (gained 10).
Found a sling.
You enter the shallow water.
Moving in this stuff is going to be slow.
An orc comes into view. It is wielding a +0 mace.
The orc shouts!
Throw: 5 javelins
Press: ? - help, Q - select action Shift-Dir - straight line, f - orc You throw a javelin.
The javelin pierces through the orc!
You kill the orc!
You hear a shout! x2
An orc priest comes into view. It is wielding a +0 dagger. x2
An orc comes into view. It is wielding a +0 short sword.
The orc shouts!
The orc priest calls down the wrath of Beogh upon you.
Pain shoots through your body!
The orc priest mumbles some strange prayers to Beogh against you.
Beogh smites you!
Found 18 gold pieces.
The orc priest mumbles some strange prayers to Beogh against you.
You are unaffected.
You barely miss the orc priest.
The orc priest mumbles some strange prayers to Beogh against you.
Beogh smites you!
You die...

######### . .^......#
####...
######%#########o.(....
#....).........@o###.
#.##.#.#####.....o.....
##.#....................
#.....#.####.#####...##$
#.###.#.# #.######.#..
#.#.#.~.####...........#
...#..~.##~~...####.#..#
#.#.~~~..~~...)# ..
..~~....~~.....#


You could see 2 orc priests and an orc.

Vanquished Creatures
  A worm (D:2)
  4 dart slugs
  An orc (D:3)
  3 ball pythons
  4 bats
  2 endoplasms
  3 giant cockroaches
  2 goblins (D:1)
  5 hobgoblins
  5 kobolds
  A quokka (D:1)
  3 rats
34 creatures vanquished.

Vanquished Creatures (others)
  2 plants (D:1)
2 creatures vanquished.

Grand Total: 36 creatures vanquished

Notes
Turn   | Place    | Note
-------+----------+-------------------------------------------
     0 | D:1      | qw the Gargoyle Fighter began the quest for the Orb.
     0 | D:1      | Reached XP level 1. HP: 14/14 MP: 1/1
     0 | D:1      | 0 ||| qw: Version: 0.2-a-10-g399e6c4
     0 | D:1      | 0 ||| qw: Game counter: 113
     0 | D:1      | 0 ||| qw: Always use a shield: true
     0 | D:1      | 0 ||| qw: God list: Okawaru
     0 | D:1      | 0 ||| qw: Allow faded altars: false
     0 | D:1      | 0 ||| qw: Do Orc after D:15 true
     0 | D:1      | 0 ||| qw: Do second Lair branch before Depths: true
     0 | D:1      | 0 ||| qw: Lair rune preference: random
     0 | D:1      | 0 ||| qw: Plans: Normal, Zot:1-4, God:TSO, Crypt, Tomb,
                  | Pan, Slime:5, Hells, Abyss, Orb
     0 | D:1      | 0 ||| PLANNING D:1-11
   384 | D:1      | Reached XP level 2. HP: 16/19 MP: 2/2
   651 | D:1      | Found Zuploh's Antique Weapon Shop.
   656 | D:1      | 656 ||| SHOPLISTING runed whip (110 gold, have 32).
   777 | D:1      | Found a faded altar of an unknown god.
  1048 | D:1      | Reached skill level 3 in Axes
  1049 | D:1      | 1049 ||| Stepping ~*~*~tactically~*~*~ (stealth).
  1050 | D:1      | 1050 ||| Stepping ~*~*~tactically~*~*~ (stealth).
  1200 | D:1      | Reached XP level 3. HP: 23/23 MP: 3/3
  1235 | D:1      | 1235 ||| DROPPING +0 club.
  1249 | D:1      | 1249 ||| Stepping ~*~*~tactically~*~*~ (hiding).
  1493 | D:1      | 1493 ||| READING 3 scrolls labelled HUTONIHODY.
  1494 | D:1      | 1494 ||| READING scroll labelled GAKANU VOGI.
  1497 | D:1      | 1497 ||| READING scroll labelled XOUCKA VO KEPPOO.
  1498 | D:1      | 1498 ||| READING 2 scrolls of identify.
  1498 | D:1      | 1498 ||| IDENTIFYING blue potion
  1499 | D:1      | 1499 ||| DROPPING potion of ambrosia.
  1740 | D:2      | Found a runed translucent door.
  1741 | D:2      | Noticed Crazy Yiuf
  1816 | D:2      | 1816 ||| Stepping ~*~*~tactically~*~*~ (stealth).
  2028 | D:2      | 2028 ||| UPGRADING to +0 plate armour.
  2038 | D:2      | 2038 ||| DROPPING +0 scale mail.
  2039 | D:2      | 2039 ||| UPGRADING to scarf of repulsion.
  2044 | D:2      | 2044 ||| READING 2 scrolls labelled NERUNK KOOWNAO.
  2045 | D:2      | 2045 ||| READING 4 scrolls labelled ICAYNK GIURCH.
  2046 | D:2      | 2046 ||| READING 3 scrolls of enchant weapon.
  2046 | D:2      | 2046 ||| ENCHANTING +1 war axe.
  2047 | D:2      | 2047 ||| READING 2 scrolls of enchant weapon.
  2047 | D:2      | 2047 ||| ENCHANTING +2 war axe.
  2048 | D:2      | 2048 ||| READING scroll of enchant weapon.
  2048 | D:2      | 2048 ||| ENCHANTING +3 war axe.
  2049 | D:2      | 2049 ||| READING scroll labelled BAQ NIHYQOMEPH.
  2050 | D:2      | 2050 ||| READING 2 scrolls of identify.
  2050 | D:2      | 2050 ||| IDENTIFYING purple potion
  2051 | D:2      | 2051 ||| DROPPING scroll of butterflies.
  2111 | D:3      | Reached skill level 1 in Throwing
  2141 | D:3      | Killed from afar by an orc priest

Levels and vault maps discovered:
D:1:      amcnicky_arrival_feature_with_door, layout_loops_ring,
          hellmonk_ecumenical_altar_prayer_group, serial_forest,
          infiniplex_forest_lined_room_, infiniplex_forest_straight_2,
          infiniplex_forest_clump_small, infiniplex_forest_split,
          infiniplex_forest_pool, infiniplex_forest_straight_4,
          infiniplex_forest_clump_large, serial_shops, shop
D:2:      layout_rooms, grunt_decor_arrowhead, uniq_crazy_yiuf_cottage
D:3:      layout_loops_ring, gammafunk_ghost_abyssal_escape, serial_rivers,
          chequers_serial_rivers_micro_b, chequers_serial_rivers_micro_b,
          chequers_serial_rivers_small_b, chequers_serial_rivers_micro_e,
          chequers_serial_rivers_micro_c, minmay_misc_feat_doors

Skill      XL: |  1  2  3 |
---------------+----------+-----
Axes           | 2 3 |  3.3
Throwing       | 1 |  1.0
Fighting       | |  3.2
Armour         | |  3.2
Shields        | |  3.2

Action                   || total
-------------------------++-------
Melee: War axe           ||   118
Throw: Javelin           ||    10
  Use: Scroll            ||    11
Armor: Scale mail        ||    65
       Plate armour      ||     1
Dodge: Dodged            ||    55
Block: Buckler           ||    23

Table legend:
 A = Non-vault XP
 B = Vault XP
 C = Vault XP percentage of total XP
 D = Non-vault monster count
 E = Vault monster count
 F = Vault count percentage of total count
                 A         B        C        D         E       F
            +---------+---------+-------+---------+---------+-------
      Total |      69 |       4 |   5.5 |      32 |       2 |   5.9
            +---------+---------+-------+---------+---------+-------
        D:1 |      34 |       4 |  10.5 |      17 |       2 |  10.5
        D:2 |      25 |       0 |   0.0 |      11 |       0 |   0.0
        D:3 |      10 |       0 |   0.0 |       4 |       0 |   0.0
            +---------+---------+-------+---------+---------+-------
